TOP OF THE 1ST |
Greeneville Astros batting - Pitching for Boston (APP) Red Sox : RHP Jim Horwood
|
Pitching: RHP Jim Horwood
|
|
Batting: RHB Bill Borden
|
0-0: Called Strike 0-1: Ball 1-1: Called Strike 1-2: Strikes out swinging
|
Batting: LHB Bert Middleton
|
0-0: Ball 1-0: Ball 2-0: Called Strike 2-1: Foul Ball, location: 2F 2-2: Strikes out swinging, 2-3 out at first.
|
Batting: RHB Hugo Priego
|
0-0: Ball 1-0: Ball 2-0: Called Strike 2-1: Fly out, F5 (Popup, 5S, EV 70.0 MPH)
|
Top of the 1st over - 0 runs, 0 hits, 0 errors, 0 left on base; Greeneville 0 - Boston (APP) 0 |
BOTTOM OF THE 1ST |
Boston (APP) Red Sox batting - Pitching for Greeneville Astros : LHP Guadalupe Gonzalez
|
Pitching: LHP Guadalupe Gonzalez
|
|
Batting: RHB Bob Reichley
|
0-0: Ball 1-0: Foul Ball, location: 2F 1-1: Ball 2-1: Ball 3-1: Base on Balls
|
Batting: RHB Chris Zubia
|
0-0: Foul Ball, location: 2F 0-1: Ball 1-1: Foul Ball, location: 2F 1-2: SINGLE (Groundball, 6MD, EV 99.4 MPH) Bob Reichley to second
|
Batting: RHB Panam Palmer
|
0-0: Ball 1-0: Ball 2-0: Ball 3-0: Called Strike 3-1: Swinging Strike 3-2: Strikes out looking
|
Batting: RHB Eric Kent
|
0-0: Ball 1-0: Swinging Strike 1-1: Ball 2-1: Fly out, F2 (Popup, 2RF, EV 83.8 MPH)
|
Batting: RHB Kirk Cully
|
0-0: Called Strike 0-1: Called Strike 0-2: Ball 1-2: Strikes out swinging
|
Bottom of the 1st over - 0 runs, 1 hit, 0 errors, 2 left on base; Greeneville 0 - Boston (APP) 0 |
TOP OF THE 2ND |
Greeneville Astros batting - Pitching for Boston (APP) Red Sox : RHP Jim Horwood
|
Batting: SHB Steve Ramsey
|
0-0: Called Strike 0-1: Ball 1-1: Called Strike 1-2: Strikes out swinging
|
Batting: RHB Roberto Rios
|
0-0: Fly out, F8 (Flyball, 8RS, EV 78.1 MPH)
|
Batting: RHB Tim Williams
|
0-0: Ball 1-0: Swinging Strike 1-1: Foul Ball, location: 2F 1-2: Ball 2-2: Strikes out swinging
|
Top of the 2nd over - 0 runs, 0 hits, 0 errors, 0 left on base; Greeneville 0 - Boston (APP) 0 |
BOTTOM OF THE 2ND |
Boston (APP) Red Sox batting - Pitching for Greeneville Astros : LHP Guadalupe Gonzalez
|
Batting: RHB Ryan Davis
|
0-0: Foul Ball, location: 2F 0-1: Foul Ball, location: 2F 0-2: SINGLE (Groundball, 6, EV 96.9 MPH)
|
Batting: RHB Mo Tsang
|
0-0: Ball 1-0: Ball 2-0: Fly out, F9 (Flyball, 89S, EV 87.5 MPH)
|
Batting: RHB Luis Nino
|
0-0: Ball 1-0: Ball 2-0: Fly out, F2 (Popup, 2LF, EV 86.2 MPH)
|
Batting: LHB Kenny Jackson
|
0-0: Reached on error, E4 (Groundball, 4, EV 88.8 MPH) Ryan Davis to third
|
Batting: RHB Bob Reichley
|
0-0: Reached on error, E5 (Groundball, 56S, EV 91.2 MPH) Ryan Davis scores Kenny Jackson scores
|
Batting: RHB Chris Zubia
|
0-0: Ball 1-0: Called Strike 1-1: SINGLE (Groundball, 34, EV 105.6 MPH) Bob Reichley to third Runner from 3rd tries for Home, throw by RF and OUT! 9-2
|
Bottom of the 2nd over - 2 runs, 2 hits, 2 errors, 1 left on base; Greeneville 0 - Boston (APP) 2 |
TOP OF THE 3RD |
Greeneville Astros batting - Pitching for Boston (APP) Red Sox : RHP Jim Horwood
|
Batting: RHB Jamie Walker
|
0-0: Fly out, F7 (Line Drive, 7S, EV 88.1 MPH)
|
Batting: RHB Fernan Tedeschi
|
0-0: Ball 1-0: Ball 2-0: Swinging Strike 2-1: Foul Ball, location: 2F 2-2: Strikes out swinging
|
Batting: RHB Mike Brisbin
|
0-0: Ball 1-0: Called Strike 1-1: Ball 2-1: Ball 3-1: Base on Balls
|
Batting: RHB Bill Borden
|
0-0: Called Strike 0-1: Ball 1-1: Ball 2-1: Ball 3-1: Fly out, F7 (Flyball, 7D, EV 98.8 MPH)
|
Top of the 3rd over - 0 runs, 0 hits, 0 errors, 1 left on base; Greeneville 0 - Boston (APP) 2 |
BOTTOM OF THE 3RD |
Boston (APP) Red Sox batting - Pitching for Greeneville Astros : LHP Guadalupe Gonzalez
|
Batting: RHB Panam Palmer
|
0-0: Ground out U3 (Groundball, 3, EV 81.2 MPH)
|
Batting: RHB Eric Kent
|
0-0: Ball 1-0: Ground out U3 (Groundball, 3S, EV 88.1 MPH)
|
Batting: RHB Kirk Cully
|
0-0: Ball 1-0: Foul Ball, location: 2F 1-1: SINGLE (Groundball, 6MS, EV 68.8 MPH) (infield hit)
|
Batting: RHB Ryan Davis
|
0-0: Fly out, F8 (Flyball, 8RM, EV 91.9 MPH)
|
Bottom of the 3rd over - 0 runs, 1 hit, 0 errors, 1 left on base; Greeneville 0 - Boston (APP) 2 |
TOP OF THE 4TH |
Greeneville Astros batting - Pitching for Boston (APP) Red Sox : RHP Jim Horwood
|
Batting: LHB Bert Middleton
|
0-0: Ball 1-0: Ball 2-0: Ground out 4-3 (Groundball, 4, EV 86.9 MPH)
|
Batting: RHB Hugo Priego
|
0-0: Ball 1-0: Foul Ball, location: 2F 1-1: Ball 2-1: Ball 3-1: Swinging Strike 3-2: Foul Ball, location: 2F 3-2: DOUBLE (Line Drive, 9LS, EV 112.5 MPH)
|
Batting: SHB Steve Ramsey
|
0-0: Ball 1-0: Foul Ball, location: 2F 1-1: Ball 2-1: Foul Ball, location: 2F 2-2: Strikes out looking
|
Batting: RHB Roberto Rios
|
0-0: Called Strike 0-1: Fly out, F5 (Popup, 25F, EV 92.5 MPH)
|
Top of the 4th over - 0 runs, 1 hit, 0 errors, 1 left on base; Greeneville 0 - Boston (APP) 2 |
BOTTOM OF THE 4TH |
Boston (APP) Red Sox batting - Pitching for Greeneville Astros : LHP Guadalupe Gonzalez
|
Batting: RHB Mo Tsang
|
0-0: Called Strike 0-1: Foul Ball, location: 2F 0-2: Foul Ball, location: 2F 0-2: SINGLE (Groundball, 4M, EV 101.9 MPH)
|
Batting: RHB Luis Nino
|
0-0: Foul Ball, location: 2F 0-1: Ball 1-1: 2-RUN HOME RUN (Flyball, 7LD, EV 97.5 MPH), Distance : 384 ft
|
Batting: LHB Kenny Jackson
|
0-0: Swinging Strike 0-1: Ground out 6-3 (Groundball, 6, EV 80.6 MPH)
|
Batting: RHB Bob Reichley
|
0-0: Ball 1-0: Ball 2-0: Ball 3-0: Called Strike 3-1: Foul Ball, location: 2F 3-2: Base on Balls
|
Batting: RHB Chris Zubia
|
0-0: Ball 1-0: Ball 2-0: DOUBLE (Flyball, 8RXD, EV 99.4 MPH) Bob Reichley to third Runner from 3rd tries for Home, SAFE, throw by CF to trailing runner, SAFE at third!
|
Pitching: RHP Marc Marchand
|
|
Batting: RHB Panam Palmer
|
0-0: Swinging Strike 0-1: Ball 1-1: Called Strike 1-2: Strikes out swinging
|
Batting: RHB Eric Kent
|
0-0: Ball 1-0: Ball 2-0: Ball 3-0: Base on Balls
|
Batting: RHB Kirk Cully
|
0-0: Swinging Strike 0-1: Foul Ball, location: 2F 0-2: Ball 1-2: Strikes out swinging
|
Bottom of the 4th over - 3 runs, 3 hits, 0 errors, 2 left on base; Greeneville 0 - Boston (APP) 5 |
TOP OF THE 5TH |
Greeneville Astros batting - Pitching for Boston (APP) Red Sox : RHP Jim Horwood
|
Batting: RHB Tim Williams
|
0-0: Ball 1-0: Ground out 1-3 (Groundball, P, EV 72.5 MPH)
|
Batting: RHB Jamie Walker
|
0-0: Ball 1-0: Foul Ball, location: 2F 1-1: Fly out, F4 (Popup, 13, EV 75.6 MPH)
|
Batting: RHB Fernan Tedeschi
|
0-0: Called Strike 0-1: Called Strike 0-2: Foul Ball, location: 2F 0-2: SINGLE (Groundball, 6D, EV 98.1 MPH)
|
Batting: RHB Mike Brisbin
|
0-0: Ball 1-0: Foul Ball, location: 2F 1-1: Ball 2-1: Ball 3-1: Base on Balls Fernan Tedeschi to second
|
Batting: RHB Bill Borden
|
0-0: Foul Ball, location: 2F 0-1: Foul Ball, location: 2F 0-2: Strikes out looking
|
Top of the 5th over - 0 runs, 1 hit, 0 errors, 2 left on base; Greeneville 0 - Boston (APP) 5 |
BOTTOM OF THE 5TH |
Boston (APP) Red Sox batting - Pitching for Greeneville Astros : RHP Marc Marchand
|
Batting: RHB Ryan Davis
|
0-0: Called Strike 0-1: Called Strike 0-2: Foul Ball, location: 2F 0-2: Ball 1-2: Ball 2-2: Strikes out looking
|
Batting: RHB Mo Tsang
|
0-0: Ball 1-0: Ball 2-0: Ball 3-0: Base on Balls
|
Batting: RHB Luis Nino
|
0-0: Foul Ball, location: 2F 0-1: Ball 1-1: Called Strike 1-2: Ball 2-2: Strikes out swinging
|
Pitching: RHP Ernie Bell
|
|
Batting: LHB Kenny Jackson
|
0-0: Called Strike 0-1: DOUBLE (Line Drive, 89D, EV 108.1 MPH) Mo Tsang to third
|
Batting: RHB Bob Reichley
|
0-0: Fly out, F7 (Flyball, 78M, EV 96.2 MPH)
|
Bottom of the 5th over - 0 runs, 1 hit, 0 errors, 2 left on base; Greeneville 0 - Boston (APP) 5 |
TOP OF THE 6TH |
Greeneville Astros batting - Pitching for Boston (APP) Red Sox : RHP Jim Horwood
|
Batting: LHB Bert Middleton
|
0-0: Ball 1-0: Ball 2-0: Called Strike 2-1: Foul Ball, location: 2F 2-2: DOUBLE (Groundball, 3L, EV 94.4 MPH)
|
Batting: RHB Hugo Priego
|
0-0: Foul Ball, location: 2F 0-1: Foul Ball, location: 2F 0-2: Ball 1-2: Foul Ball, location: 2F 1-2: Ground out 4-3 (Groundball, 4S, EV 84.4 MPH) Bert Middleton to third
|
Pitching: RHP Robby Arce
|
|
Batting: SHB Steve Ramsey
|
0-0: Ball 1-0: Called Strike 1-1: Swinging Strike 1-2: Ball 2-2: Strikes out looking
|
Batting: RHB Roberto Rios
|
0-0: Called Strike 0-1: Ball 1-1: Ball Wild Pitch! Bert Middleton scores 2-1: Ground out 6-3 (Groundball, 56, EV 86.2 MPH)
|
Top of the 6th over - 1 run, 1 hit, 0 errors, 0 left on base; Greeneville 1 - Boston (APP) 5 |
BOTTOM OF THE 6TH |
Boston (APP) Red Sox batting - Pitching for Greeneville Astros : RHP Ernie Bell
|
Batting: RHB Chris Zubia
|
0-0: Ball 1-0: Foul Ball, location: 2F 1-1: Swinging Strike 1-2: Foul Ball, location: 2F 1-2: Ball 2-2: Strikes out swinging
|
Pinch Hitting: RHB Estevan Carrillo
|
0-0: Ball 1-0: Foul Ball, location: 2F 1-1: Called Strike 1-2: Foul Ball, location: 2F 1-2: Ground out 4-3 (Groundball, 4, EV 88.1 MPH)
|
Batting: RHB Eric Kent
|
0-0: Ball 1-0: Called Strike 1-1: SINGLE (Line Drive, 6D, EV 96.2 MPH)
|
Batting: RHB Kirk Cully
|
0-0: Called Strike 0-1: Ball 1-1: Ball 2-1: Ground out 1-3 (Groundball, 34S, EV 71.9 MPH)
|
Bottom of the 6th over - 0 runs, 1 hit, 0 errors, 1 left on base; Greeneville 1 - Boston (APP) 5 |
TOP OF THE 7TH |
Greeneville Astros batting - Pitching for Boston (APP) Red Sox : RHP Robby Arce
|
Now in RF: Felix Rangel
|
|
Batting: RHB Tim Williams
|
0-0: Called Strike 0-1: Ball 1-1: Swinging Strike 1-2: Strikes out swinging
|
Batting: RHB Jamie Walker
|
0-0: Called Strike 0-1: Ground out 6-3 (Groundball, 6, EV 78.8 MPH)
|
Batting: RHB Fernan Tedeschi
|
0-0: Ball 1-0: DOUBLE (Line Drive, 78D, EV 106.2 MPH)
|
Batting: RHB Mike Brisbin
|
0-0: Ball 1-0: Foul Ball, location: 2F 1-1: Foul Ball, location: 2F 1-2: Ball 2-2: Strikes out swinging
|
Top of the 7th over - 0 runs, 1 hit, 0 errors, 1 left on base; Greeneville 1 - Boston (APP) 5 |
BOTTOM OF THE 7TH |
Boston (APP) Red Sox batting - Pitching for Greeneville Astros : RHP Ernie Bell
|
Batting: RHB Ryan Davis
|
0-0: Called Strike 0-1: Foul Ball, location: 2F 0-2: Foul Ball, location: 2F 0-2: Ball 1-2: Strikes out swinging
|
Batting: RHB Mo Tsang
|
0-0: Ball 1-0: Called Strike 1-1: Ball 2-1: Ball 3-1: Swinging Strike 3-2: Strikes out swinging
|
Pitching: RHP Vinny Salazar
|
|
Batting: RHB Luis Nino
|
0-0: Ball 1-0: Called Strike 1-1: Ball 2-1: Ball 3-1: Called Strike 3-2: Base on Balls
|
Batting: LHB Kenny Jackson
|
0-0: Called Strike 0-1: Ball 1-1: Ball 2-1: Foul Ball, location: 2F 2-2: Fly out, F9 (Flyball, 9S, EV 80.0 MPH)
|
Bottom of the 7th over - 0 runs, 0 hits, 0 errors, 1 left on base; Greeneville 1 - Boston (APP) 5 |
TOP OF THE 8TH |
Greeneville Astros batting - Pitching for Boston (APP) Red Sox : RHP Robby Arce
|
Pinch Hitting: SHB Rory Mozer
|
0-0: Ball 1-0: Ground out U3 (Groundball, 3, EV 93.1 MPH)
|
Batting: LHB Bert Middleton
|
0-0: Ball 1-0: Ball 2-0: Foul Ball, location: 2F 2-1: Foul Ball, location: 2F 2-2: Ball 3-2: Foul Ball, location: 2F 3-2: Strikes out looking
|
Batting: RHB Hugo Priego
|
0-0: Ball 1-0: Foul Ball, location: 2F 1-1: SOLO HOME RUN (Flyball, 7LD, EV 106.9 MPH), Distance : 401 ft
|
Batting: SHB Steve Ramsey
|
0-0: SINGLE (Line Drive, 9S, EV 105.0 MPH)
|
Batting: RHB Roberto Rios
|
0-0: Ball 1-0: Ball 2-0: Called Strike 2-1: Swinging Strike 2-2: Strikes out swinging
|
Top of the 8th over - 1 run, 2 hits, 0 errors, 1 left on base; Greeneville 2 - Boston (APP) 5 |
BOTTOM OF THE 8TH |
Boston (APP) Red Sox batting - Pitching for Greeneville Astros : RHP Vinny Salazar
|
Now in RF: Rory Mozer
|
|
Batting: RHB Bob Reichley
|
0-0: Ball 1-0: Ball 2-0: Called Strike 2-1: SINGLE (Line Drive, 34D, EV 98.8 MPH)
|
Batting: RHB Chris Zubia
|
0-0: Called Strike Bob Reichley steals 2nd base 0-1: Foul Ball, location: 2F 0-2: Ball 1-2: Ball 2-2: Foul Ball, location: 2F 2-2: Foul Ball, location: 2F 2-2: Ball 3-2: Foul Ball, location: 2F 3-2: Base on Balls
|
Batting: RHB Felix Rangel
|
0-0: Ball 1-0: Ball 2-0: Called Strike 2-1: Called Strike 2-2: SINGLE (Groundball, 4MD, EV 96.9 MPH) Bob Reichley to third Chris Zubia to second
|
Batting: RHB Eric Kent
|
0-0: SINGLE (Groundball, 56, EV 96.9 MPH) Bob Reichley scores Chris Zubia to third Felix Rangel to second
|
Batting: RHB Kirk Cully
|
0-0: Foul Ball, location: 2F 0-1: Foul Ball, location: 2F 0-2: Ground out 5-3 (Groundball, 56S, EV 71.2 MPH) Chris Zubia scores Felix Rangel to third Eric Kent to second
|
Pitching: LHP Kimmo-Mikka Koistinen
|
|
Batting: RHB Ryan Davis
|
0-0: Fly out, F8 (Flyball, 8RS, EV 85.6 MPH)
|
Batting: RHB Mo Tsang
|
0-0: Swinging Strike 0-1: Ball 1-1: Ground out 5-3 (Groundball, 56S, EV 83.1 MPH)
|
Bottom of the 8th over - 2 runs, 3 hits, 0 errors, 2 left on base; Greeneville 2 - Boston (APP) 7 |
TOP OF THE 9TH |
Greeneville Astros batting - Pitching for Boston (APP) Red Sox : RHP Robby Arce
|
Batting: RHB Tim Williams
|
0-0: Called Strike 0-1: Foul Ball, location: 2F 0-2: Strikes out swinging
|
Batting: RHB Jamie Walker
|
0-0: Foul Ball, location: 2F 0-1: Called Strike 0-2: Ball 1-2: Strikes out swinging
|
Batting: RHB Fernan Tedeschi
|
0-0: Foul Ball, location: 2F 0-1: Called Strike 0-2: Ground out 4-3 (Groundball, 34, EV 78.8 MPH)
|
Top of the 9th over - 0 runs, 0 hits, 0 errors, 0 left on base; Greeneville 2 - Boston (APP) 7 |
|